Map: 2000 Atmospheres LE

Players

Neeb - Winner!

  • Race: Protoss Protoss

Rob

  • Race: Protoss Protoss

Event: DreamHack SC2 Masters 2021 Fall

VOD

Have the link to the VOD?

Description

Time

  • Played on: Aug. 3, 2021, 5:21 p.m.
  • Length: 9:29

All games in this series

Show
View Real Time Build Order
Export as new Build Order

Neeb Protoss - Winner!

Build Orders: Oracle Opening 

Get SALT Encoding   

  12  0:00  Probe  
  13  0:12  Probe  
  14  0:17  Pylon  
  14  0:24  Probe (Chrono Boost)  
  16  0:36  Gateway, Probe (Chrono Boost)  
  16  0:43  Probe (Chrono Boost)  
  16  0:45  Assimilator  
  17  0:50  Probe  
  17  0:54  Assimilator  
  18  1:03  Probe (Chrono Boost)  
  19  1:08  Gateway  
  19  1:15  Probe (Chrono Boost)  
  20  1:22  Probe (Chrono Boost)  
  21  1:25  Cybernetics Core  
  21  1:31  Probe  
  22  1:37  Pylon  
  22  1:43  Probe  
  23  1:56  Probe  
  24  2:02  Stalker x2, Warp Gate  
  28  2:09  Probe  
  29  2:18  Pylon  
  29  2:21  Pylon  
  29  2:28  Stargate  
  29  2:42  Stalker x2  
  33  3:05  Nexus  
  33  3:13  Oracle (Chrono Boost)  
  33  3:18  Probe  
  37  3:31  Probe  
  38  3:36  Pylon  
  38  3:38  Twilight Council  
  38  3:43  Probe (Chrono Boost)  
  39  3:54  Probe (Chrono Boost)  
  38  3:59  Probe (Chrono Boost)  
  35  4:08  Shield Battery  
  35  4:09  Probe  
  36  4:12  Stalker x2  
  36  4:15  Blink (Chrono Boost)  
  40  4:22  Probe  
  41  4:25  Probe  
  42  4:34  Probe x2  
  44  4:42  Probe  
  44  4:43  Stalker  
  46  4:45  Stalker  
  46  4:46  Probe  
  46  4:51  Probe  
  50  4:58  Probe  
  52  5:03  Probe  
  53  5:07  Stalker  
  53  5:11  Forge, Stalker, Probe  
  58  5:15  Probe  
  59  5:23  Probe  
  59  5:27  Probe  
  59  5:28  Assimilator  
  61  5:31  Pylon  
  61  5:37  Probe  
  61  5:38  Nexus  
  61  5:39  Pylon  
  61  5:41  Protoss Ground Weapons Level 1 (Chrono Boost)  
  62  5:49  Stalker x2  
  66  5:51  Probe  
  66  5:52  Probe  
  68  6:03  Probe  
  69  6:10  Probe  
  70  6:15  Probe  
  71  6:22  Probe  
  64  6:26  Robotics Facility  
  64  6:27  Probe  
  61  6:34  Charge (Chrono Boost), Stalker x2, Probe  
  61  6:38  Gateway  
  61  6:39  Probe  
  67  6:40  Gateway  
  67  6:43  Gateway  
  67  6:46  Gateway, Probe  
  68  6:52  Probe  
  68  6:53  Gateway x2  
  69  6:56  Probe  
  69  6:57  Pylon  
  69  6:59  Sentry x2  
  74  7:09  Pylon  
  74  7:13  Observer (Chrono Boost), Gateway  
  74  7:15  Gateway  
  75  7:17  Pylon  
  75  7:26  Assimilator, Zealot x2  
  79  7:30  Warp Prism (Chrono Boost)  
  81  7:42  Zealot x4  
  89  7:51  Zealot x4  
  97  7:57  Pylon  
  97  7:58  Pylon  
  97  8:00  Pylon  
  97  8:08  Zealot x5  
  107  8:24  Zealot x5  
  107  8:26  Templar Archives  
  117  8:40  Stalker x5  
  115  8:54  Stalker x5  
  97  9:03  Zealot x5  
  93  9:21  Zealot x4  
  93  9:22  Zealot  
Show
View Real Time Build Order
Export as new Build Order

Rob Protoss 

Build Orders:  

Get SALT Encoding   

  12  0:00  Probe  
  13  0:12  Probe  
  14  0:19  Pylon  
  14  0:24  Probe  
  15  0:37  Probe (Chrono Boost)  
  15  0:38  Gateway  
  16  0:49  Assimilator, Probe (Chrono Boost)  
  17  0:53  Assimilator  
  17  0:56  Probe (Chrono Boost)  
  18  1:03  Probe (Chrono Boost)  
  18  1:09  Gateway  
  19  1:15  Probe (Chrono Boost)  
  20  1:20  Probe (Chrono Boost)  
  21  1:29  Cybernetics Core  
  21  1:30  Probe  
  22  1:39  Pylon  
  22  1:42  Probe  
  24  2:02  Warp Gate (Chrono Boost)  
  24  2:05  Stalker x2  
  27  2:16  Pylon  
  27  2:42  Sentry x2, Probe  
  31  2:49  Nexus  
  31  2:54  Probe  
  32  2:58  Pylon  
  32  3:06  Probe (Chrono Boost)  
  32  3:09  Sentry  
  32  3:12  Stalker  
  37  3:18  Probe (Chrono Boost)  
  38  3:24  Probe (Chrono Boost)  
  39  3:33  Pylon, Probe  
  38  3:45  Probe  
  39  3:52  Stalker x2  
  43  3:57  Probe  
  40  4:09  Shield Battery  
  37  4:13  Probe x2 (Chrono Boost)  
  37  4:16  Stalker  
  40  4:18  Stalker  
  40  4:23  Probe x2 (Chrono Boost)  
  42  4:31  Probe (Chrono Boost)  
  42  4:32  Probe (Chrono Boost)  
  41  4:39  Probe  
  41  4:41  Probe  
  41  4:43  Twilight Council  
  44  4:54  Probe  
  44  4:55  Sentry  
  44  4:56  Sentry  
  49  5:03  Probe  
  49  5:06  Probe  
  50  5:09  Forge  
  50  5:18  Blink (Chrono Boost), Probe  
  52  5:24  Nexus, Probe  
  52  5:29  Pylon  
  52  5:30  Probe  
  53  5:35  Protoss Ground Weapons Level 1 (Chrono Boost)  
  53  5:37  Probe  
  54  5:44  Stalker x2  
  54  5:46  Assimilator  
  58  5:50  Probe x2  
  58  5:54  Shield Battery  
  60  6:02  Probe x2  
  60  6:14  Stalker x2, Probe x2  
  52  6:26  Probe x2  
  51  6:33  Shield Battery  
  51  6:38  Stalker, Probe x2  
  51  6:39  Stalker  
  56  6:40  Probe  
  56  6:47  Gateway  
  56  6:50  Probe  
  57  6:57  Probe x2  
  59  7:02  Stalker x2, Probe  
  64  7:09  Probe  
  64  7:10  Probe  
  64  7:15  Protoss Ground Weapons Level 2 (Chrono Boost), Probe  
  66  7:17  Robotics Facility  
  66  7:21  Probe  
  68  7:23  Probe  
  68  7:28  Probe  
  70  7:32  Shield Battery  
  70  7:33  Probe  
  70  7:35  Probe  
  72  7:39  Gateway  
  72  7:40  Gateway  
  72  7:42  Gateway  
  72  7:45  Gateway  
  72  7:47  Gateway  
  72  7:49  Stalker  
  72  7:50  Stalker  
  76  7:54  Probe x2  
  76  7:55  Probe  
  79  7:59  Assimilator  
  79  8:00  Stalker  
  79  8:03  Assimilator  
  81  8:08  Observer (Chrono Boost)  
  81  8:12  Probe x3  
  85  8:14  Pylon  
  85  8:18  Stalker x2  
  89  8:23  Stalker  
  91  8:27  Photon Cannon  
  91  8:32  Assimilator  
  91  8:37  Zealot  
  91  8:38  Zealot x2  
  91  8:47  Zealot x3  
  91  8:48  Zealot x2  
  93  8:59  Zealot x3  
  88  9:08  Zealot x5  
  75  9:21  Zealot x3  

Tags
 
Add a new tag
Caveats
  • Supply blocks, unpowered buildings, or Contaminate may cause inaccurate times.
  • Supply counts are checked every 10 seconds.